 Dungeon Crawl Stone Soup version 0.21-a0-630-g344d351 (webtiles) character file.

111 KristoblXynda the Charmwright (level 4, -1/22 HPs)
             Began as a Spriggan Skald on Dec 26, 2017.
             Slain by Demitroll's ghost (12 damage)
             ... on level 4 of the Dungeon.
             The game lasted 00:06:38 (3825 turns).

KristoblXynda the Charmwright (Spriggan Skald)      Turns: 3825, Time: 00:06:38

Health: -1/22      AC:  2    Str:  8    XL:     4   Next: 62%
Magic:  10/10      EV: 26    Int: 14    God:
Gold:   190        SH:  0    Dex: 20    Spells: 3/10 levels left

rFire    + . .     SeeInvis +   s - +0 dagger (pain)
rCold    . . .     Gourm    .   (shield restricted)
rNeg     . . .     Faith    .   b - +0 robe
rPois    .         Spirit   .   (helmet restricted)
rElec    .         Reflect  .   m - scarf {cloud immunity}
rCorr    +         Harm     .   (gloves unavailable)
MR       .....                  (boots unavailable)
Stlth    +++.......             p - amulet of magic regeneration
HPRegen  0.07/turn              j - ring of resist corrosion
MPRegen  0.37/turn              i - ring of protection from fire

@: agile, infused, very quick
A: very small, unfitting armour, see invisible, herbivore, speed 3, slow
metabolism 2
a: no special abilities


You were on level 4 of the Dungeon.
You were not hungry.

You visited 1 branch of the dungeon, and saw 4 of its levels.

You collected 190 gold pieces.

Inventory:

Hand Weapons
 e - a +0 blowgun
 s - a +0 dagger of pain (weapon)
Missiles
 q - 12 poisoned needles
Armour
 b - a +0 robe (worn)
 h - a +0 buckler
 m - a scarf of cloud immunity (worn)
Jewellery
 i - a ring of protection from fire (right hand)
 j - a ring of resist corrosion (left hand)
 p - an amulet of magic regeneration (around neck)
Scrolls
 a - a scroll of teleportation {unknown}
 f - a scroll of blinking {unknown}
 k - a scroll of immolation {unknown}
 l - a scroll of identify
 n - a scroll of enchant armour {unknown}
 o - a scroll of remove curse
 u - a scroll of fog {unknown}
Potions
 g - a potion of curing
 r - a potion of haste
Books
 c - a book of Battle

   Spells                             Type                      Level
   a - Infusion                       Charms                       1
   b - Shroud of Golubria             Charms/Translocation         2
   c - Song of Slaying                Charms                       2
   d - Spectral Weapon                Hexes/Charms                 3
   e - Regeneration                   Charms/Necromancy            3
Comestibles
 d - 6 rations


   Skills:
 - Level 1.5 Fighting
 + Level 3.3 Short Blades
 + Level 4.8 Dodging
 + Level 3.6 Spellcasting
 + Level 5.5 Charms


You had 3 spell levels left.
You knew the following spells:

 Your Spells              Type           Power        Failure   Level  Hunger
a - Infusion              Chrm           ###.         1%          1    None
b - Regeneration          Chrm/Necr      ##........   19%         3    ###....
c - Spectral Weapon       Hex/Chrm       ##......     19%         3    ###....


Dungeon Overview and Level Annotations

Branches:
Dungeon (4/15)
 Temple: D:4-7

Altars:
Fedhas

Annotations:
D:3 DEFE's ghost, amateur DEAM
D:4 Demitroll's ghost, novice DsGl


Innate Abilities, Weirdness & Mutations

You are very small and have problems with some larger weapons.
You are too small for most types of armour.
You have supernaturally acute eyesight. (SInv)
You are a herbivore.
You cover ground extremely quickly.
You need consume almost no food.


Message History

Found a ration.
You see here a frilled lizard corpse.
You aren't carrying any items that you can evoke.
Unknown command.
It was a potion of agility.
You feel agile all of a sudden.
You hit Demitroll's ghost.
Demitroll's ghost is lightly damaged.
Demitroll's ghost barely misses you.
You hit Demitroll's ghost.
Demitroll's ghost is lightly damaged.
Demitroll's ghost hits you!
Ouch! That really hurt!
You barely miss Demitroll's ghost.
Demitroll's ghost is lightly damaged.
You barely miss Demitroll's ghost.
Demitroll's ghost is lightly damaged.
Demitroll's ghost hits you!
Ouch! That really hurt!
You die...

#............<#
................#
...............##
................#
................#
.W..............#
................#
...)........W...#
.......@..##
.........##
####..#.## #.##.#
#. #.# #. #.# #.#
%.#


You could see Demitroll's ghost.

Vanquished Creatures
  A worker ant (D:4)
  3 adders
  3 dart slugs
  2 leopard geckos (D:3)
  2 orcs (D:3)
  7 bats
  3 giant cockroaches
  5 goblins
  5 hobgoblins
  2 jackals (D:1)
  2 kobolds (D:3)
  2 quokkas
  5 frilled lizards
  10 rats
52 creatures vanquished.

Notes
Turn   | Place    | Note
-------+----------+-------------------------------------------
     0 | D:1      | KristoblXynda the Spriggan Skald began the quest for the Orb.
     0 | D:1      | Reached XP level 1. HP: 10/10 MP: 5/5
    15 | D:1      | Noticed a minotaur zombie
    15 | D:1      | Noticed a merfolk zombie
    19 | D:1      | Noticed a merfolk zombie
   159 | D:1      | Reached XP level 2. HP: 4/14 MP: 4/6
  1144 | D:2      | Reached XP level 3. HP: 5/18 MP: 4/8
  1169 | D:2      | Learned a level 3 spell: Regeneration
  1173 | D:2      | Learned a level 3 spell: Spectral Weapon
  1495 | D:2      | Found a blossoming altar of Fedhas.
  1509 | D:2      | Reached skill level 5 in Charms
  2634 | D:3      | Reached XP level 4. HP: 19/22 MP: 7/10
  2793 | D:3      | Noticed DEFE's ghost (amateur DEAM)
  3515 | D:4      | Noticed Demitroll's ghost (novice DsGl)
  3825 | D:4      | Slain by Demitroll's ghost

Vault maps used:
D:1:      shiori_arrival_whats_in_store_for_you, serial_bayou_pond_d
D:2:      fedhas_altar_fruit_tree, kennysheep_generic_room_9
D:3:      small_statue_intersection

Skill      XL: |  1  2  3 |
---------------+----------+-----
Spellcasting   | 3 |  3.6
Dodging        | 4 |  4.8
Charms         | 5 |  5.5
Short Blades   | 3 |  3.3
Fighting       | |  1.5

Action                   |  1- 3 |  4- 6 || total
-------------------------+-------+-------++-------
Melee: Short sword       |    89 |       ||    89
       Dagger            |    83 |    69 ||   152
 Cast: Infusion          |    11 |     4 ||    15
  Use: Scroll            |     3 |     5 ||     8
       Potion            |       |     1 ||     1
 Stab: Sleeping          |     4 |     1 ||     5
  Eat: Ration            |       |     1 ||     1
Armor: Robe              |    20 |     4 ||    24
Dodge: Dodged            |   129 |    67 ||   196

Table legend:
 A = Spawn XP
 B = Non-spawn XP
 C = Spawn XP percentage of total XP
 D = Spawn monster count
 E = Non-spawn monster count
 F = Spawn count percentage of total count
 G = Total turns spent on level
                    A         B        C        D         E        F      G
               +---------+---------+-------+---------+---------+-------+---------
         Total |       0 |     159 |   0.0 |       0 |      52 |   0.0 |  3825
               +---------+---------+-------+---------+---------+-------+---------
           D:1 |       0 |      29 |   0.0 |       0 |      18 |   0.0 |  1136
           D:2 |       0 |      49 |   0.0 |       0 |      15 |   0.0 |  1049
           D:3 |       0 |      47 |   0.0 |       0 |      17 |   0.0 |  1582
           D:4 |       0 |      34 |   0.0 |       0 |       2 |   0.0 |    58
               +---------+---------+-------+---------+---------+-------+---------
